[Event "Titled Tuesday Blitz December 7 2021"]
[White "Czopor, Maciej"]
[Black "Kalajzic, Ivan"]
[WhiteFideId "21805431"]
[BlackFideId "14506378"]
[WhiteElo "1999"]
[BlackElo "2163"]
[Result "0-1"]
[Round "04"]
[TimeControl "180+1"]
[Date "2021.12.07"]
[WhiteClock "0:00:01"]
[BlackClock "0:01:46"]

1. c4 Nc6 2. Nf3 e5 3. Nc3 Bc5 4. e3 d6 5. a3 Nf6 6. b4 Bb6 7. Na4 Bg4 8. Be2 Ne7 9. Bb2 c6 10. Nxb6 axb6 11. h3 Bh5 12. O-O O-O 13. d3 Bg6 14. c5 bxc5 15. bxc5 e4 16. cxd6 Qxd6 17. dxe4 Nxe4 18. Qxd6 Nxd6 19. Rfd1 Rfd8 20. Ne5 Ne4 21. Nxg6 Nxg6 22. Bf3 Nc5 23. Rac1 Ne6 24. g3 Rxd1+ 25. Rxd1 Rd8 26. Rxd8+ Nxd8 27. Kf1 f6 28. Bd1 Kf7 29. Bb3+ Ke7 30. a4 Ne6 31. Ke2 Nc5 32. Ba3 Kd6 33. a5 Ne5 34. f4 Nd7 35. e4 Kc7 36. Bc2 b5 37. axb6+ Kxb6 38. Ke3 Ne6 39. Bb3 Nc7 40. Bg8 h6 41. Be7 c5 42. Kd3 Kc6 43. Bf7 Nb5 44. Kc4 Nd6+ 45. Bxd6 Kxd6 46. g4 g5 47. fxg5 hxg5 0-1


[Site "https://www.chess.com"]

[Event "Titled Tuesday Blitz December 7 2021"]
[White "Di Nicolantonio, Lucas"]
[Black "Maksimovic, Bojan"]
[WhiteFideId "680460"]
[BlackFideId "14408120"]
[WhiteElo "2381"]
[BlackElo "2458"]
[Result "1-0"]
[Round "04"]
[TimeControl "180+1"]
[Date "2021.12.07"]
[WhiteClock "0:00:05"]
[BlackClock "0:00:01"]

1. e4 d6 2. d4 Nf6 3. Nc3 Nbd7 4. Nf3 e5 5. Rg1 exd4 6. Nxd4 Nc5 7. f3 c6 8. Be3 d5 9. e5 Nfd7 10. f4 Be7 11. Qd2 Ne6 12. O-O-O Nxd4 13. Bxd4 Qa5 14. Kb1 Nc5 15. Bd3 Ne6 16. Bf2 Bb4 17. f5 d4 18. fxe6 dxc3 19. exf7+ Kf8 20. Qf4 Be7 21. Bc4 Qb4 22. b3 Be6 23. Bh4 g5 24. Bxg5 Bxg5 25. Qxg5 Bxc4 26. Qh6+ Kxf7 27. Rd7+ Ke8 28. e6 Qa3 29. Qh5+ Kf8 30. Qf7# 1-0


[Site "https://www.chess.com"]

[Event "Titled Tuesday Blitz December 7 2021"]
[White "Djordjevic, Vuk"]
[Black "Vypkhaniuk, Ihor"]
[WhiteFideId "902098"]
[BlackFideId "14112256"]
[WhiteElo "2463"]
[BlackElo "2327"]
[Result "0-1"]
[Round "04"]
[TimeControl "180+1"]
[Date "2021.12.07"]
[WhiteClock "0:00:39"]
[BlackClock "0:00:49"]

1. d4 Nf6 2. Bg5 Ne4 3. Bf4 c5 4. f3 Qa5+ 5. c3 Nf6 6. d5 Qb6 7. Bc1 g6 8. Nh3 Bg7 9. e4 O-O 10. Nf2 e6 11. Be2 exd5 12. exd5 d6 13. O-O Re8 14. Na3 Qc7 15. Nb5 Qb6 16. Bf4 Bf8 17. Re1 Na6 18. Bg5 Bg7 19. Bxf6 Bxf6 20. Ne4 Be7 21. Bc4 Bd7 22. Qd3 f5 23. Nf2 Bh4 24. g3 Bf6 25. Nh3 Bxb5 26. Bxb5 c4+ 27. Nf2 Rxe1+ 0-1


[Site "https://www.chess.com"]

[Event "Titled Tuesday Blitz December 7 2021"]
[White "Druska, Juraj"]
[Black "Starozhilov, Leonid"]
[WhiteFideId "14915650"]
[BlackFideId "14106752"]
[WhiteElo "2369"]
[BlackElo "2414"]
[Result "1-0"]
[Round "04"]
[TimeControl "180+1"]
[Date "2021.12.07"]
[WhiteClock "0:00:07"]
[BlackClock "0:00:01"]

1. d4 Nf6 2. Nf3 g6 3. Bf4 d6 4. e3 Bg7 5. h3 Nc6 6. Be2 O-O 7. O-O e5 8. Bh2 Nd7 9. c4 f5 10. Nc3 e4 11. Nd2 g5 12. Rb1 Nf6 13. b4 Ne7 14. b5 Ng6 15. a4 c6 16. Qb3 Kh8 17. Qa3 d5 18. bxc6 bxc6 19. cxd5 cxd5 20. Nb5 f4 21. Qd6 Qxd6 22. Nxd6 Be6 23. Rfc1 g4 24. hxg4 Nxg4 25. Bxg4 Bxg4 26. Rb7 fxe3 27. fxe3 Bh6 28. Nf1 Kg8 29. Rcc7 Be2 30. Nf7 Bg7 31. Bd6 Bxf1 32. Bxf8 Rxf8 33. Ng5 Bh6 34. Nf7 Bxe3+ 35. Kxf1 Nh4 36. Ke2 1-0


[Site "https://www.chess.com"]

[Event "Titled Tuesday Blitz December 7 2021"]
[White "Enkhnar, Enkhbaatar"]
[Black "Daniel, Damian"]
[WhiteFideId "4900324"]
[BlackFideId "1183621"]
[WhiteElo "2176"]
[BlackElo "2055"]
[Result "0-1"]
[Round "04"]
[TimeControl "180+1"]
[Date "2021.12.07"]
[WhiteClock "0:00:07"]
[BlackClock "0:00:06"]

1. Nf3 c5 2. g3 Nc6 3. Bg2 g6 4. O-O Bg7 5. c4 d6 6. Nc3 e6 7. b3 Nge7 8. Bb2 O-O 9. e4 b6 10. Rb1 Bb7 11. Re1 Nd4 12. d3 Nxf3+ 13. Qxf3 Qd7 14. Nb5 Bxb2 15. Rxb2 Nc6 16. Qf6 a6 17. Nc3 Qd8 18. Qf4 e5 19. Qh6 Nd4 20. h4 f5 21. exf5 Bxg2 22. Kxg2 gxf5 23. Nd5 f4 24. gxf4 exf4 25. Rg1 Kh8 26. Kh1 Qd7 27. f3 Qh3+ 28. Rh2 Qxf3+ 29. Rhg2 Nf5 30. Qg5 Qh3+ 31. Rh2 Qf3+ 32. Rgg2 Ng3+ 33. Qxg3 fxg3 34. Rh3 Qf1+ 35. Rg1 Qxh3# 0-1


[Site "https://www.chess.com"]

[Event "Titled Tuesday Blitz December 7 2021"]
[White "Eynullayev, Atilla"]
[Black "Piesik, Piotr"]
[WhiteFideId "13413570"]
[BlackFideId "1136194"]
[WhiteElo "1982"]
[BlackElo "2336"]
[Result "0-1"]
[Round "04"]
[TimeControl "180+1"]
[Date "2021.12.07"]
[WhiteClock "0:00:01"]
[BlackClock "0:00:04"]

1. Nf3 g6 2. g3 Bg7 3. Bg2 d5 4. O-O Nf6 5. d4 O-O 6. a4 Nc6 7. a5 Bf5 8. Bf4 Ne4 9. a6 bxa6 10. Rxa6 Nb4 11. Ra1 c5 12. c3 Nc6 13. Na3 cxd4 14. cxd4 Qb6 15. Nc2 Qxb2 16. Rb1 Qc3 17. Ne3 Qa5 18. Ra1 Qd8 19. Nxf5 gxf5 20. e3 e6 21. Ne1 a5 22. Qa4 Nb4 23. Qb3 Qd7 24. Nf3 Qb5 25. Rfc1 Rfc8 26. Ne5 Rxc1+ 27. Rxc1 a4 28. Qa3 Bf8 29. Bf1 Qb7 30. Rb1 Nc2 31. Rxb7 Nxa3 32. Nxf7 Nc2 33. Nh6+ Bxh6 34. Bxh6 a3 35. Bd3 a2 36. Rg7+ Kh8 37. Re7 a1=Q+ 38. Kg2 Ne1+ 39. Kh3 Nxf2+ 40. Kh4 Nexd3 41. Kg5 Rg8+ 42. Kf6 Ng4+ 43. Kxe6 Nxh6 44. Rxh7+ 0-1


[Site "https://www.chess.com"]

[Event "Titled Tuesday Blitz December 7 2021"]
[White "Fawzy, Adham"]
[Black "Fromm, Marius"]
[WhiteFideId "10613129"]
[BlackFideId "12993190"]
[WhiteElo "2508"]
[BlackElo "2511"]
[Result "1-0"]
[Round "04"]
[TimeControl "180+1"]
[Date "2021.12.07"]
[WhiteClock "0:00:35"]
[BlackClock "0:00:02"]

1. e4 c5 2. c3 Nf6 3. e5 Nd5 4. d4 Nc6 5. Nf3 cxd4 6. cxd4 d6 7. Bc4 Nb6 8. Bb5 dxe5 9. Nxe5 Bd7 10. Bxc6 Bxc6 11. Nxc6 bxc6 12. O-O e6 13. Nc3 Be7 14. Qf3 Nd5 15. Be3 O-O 16. Rac1 Rb8 17. b3 Qd7 18. Ne4 Rb5 19. Qe2 Rc8 20. Qc4 Rb4 21. Qa6 Rb6 22. Qd3 Nb4 23. Qb1 Ra6 24. Rc4 Nxa2 25. Nc5 Bxc5 26. dxc5 Rb8 27. Rd1 Qb7 28. Bf4 Re8 29. Be5 f6 30. Rh4 g5 31. Rg4 fxe5 32. Rxg5+ Kh8 33. Qe4 h6 34. Qg6 hxg5 35. Qxe8+ Kg7 36. Rd7+ Qxd7 37. Qxd7+ Kf6 38. Qd8+ Kf5 39. Qd3+ 1-0


[Site "https://www.chess.com"]

[Event "Titled Tuesday Blitz December 7 2021"]
[White "Gaehwiler, Gabriel"]
[Black "Krutko, Anatoly"]
[WhiteFideId "1314530"]
[BlackFideId "4185862"]
[WhiteElo "2383"]
[BlackElo "2378"]
[Result "1-0"]
[Round "04"]
[TimeControl "180+1"]
[Date "2021.12.07"]
[WhiteClock "0:00:16"]
[BlackClock "0:00:03"]

1. d4 Nf6 2. c4 g6 3. g3 Bg7 4. Bg2 O-O 5. Nf3 d6 6. O-O Nbd7 7. b3 e5 8. Bb2 Re8 9. Nc3 c6 10. Qc2 e4 11. Ne1 d5 12. Rd1 a6 13. Qc1 h5 14. Nc2 Nf8 15. Na4 h4 16. Rde1 Ng4 17. h3 Bh6 18. Qd1 Nf6 19. g4 Bf4 20. Bc1 Bb8 21. f4 exf3 22. exf3 Ne6 23. f4 b5 24. Nb2 Ba7 25. c5 Bd7 26. Nd3 Ne4 27. f5 N6g5 28. fxg6 fxg6 29. Ne5 Rxe5 30. dxe5 Bxc5+ 31. Be3 Be7 32. Nd4 Qc7 33. Bf4 Bc5 34. e6 Qa7 35. exd7 Bxd4+ 36. Kh1 Bb6 37. Bxg5 Ng3+ 38. Kh2 Nxf1+ 39. Rxf1 Qc7+ 40. Kh1 Qxd7 41. Qf3 Bc5 42. Bxh4 Rf8 43. Qe2 Rxf1+ 44. Qxf1 Be7 45. Bg3 Bd6 46. Qf2 Bxg3 47. Qxg3 d4 48. Be4 c5 49. Qe5 c4 50. Bd5+ Kh7 51. Qxd4 Qe7 52. bxc4 Qe1+ 53. Qg1 Qd2 54. Qg2 Qe1+ 55. Qg1 Qd2 56. Qf1 bxc4 57. Bxc4 Qe3 58. Kg2 Qd2+ 59. Qf2 Qc3 60. Bb3 a5 61. Qf7+ Kh6 62. Qf4+ Kh7 63. Qf3 Qd2+ 64. Kg3 Qd6+ 65. Qf4 Qd3+ 66. Kg2 Qe2+ 67. Qf2 Qe4+ 68. Kh2 Qe5+ 69. Kg1 Qa1+ 70. Kg2 Qe5 71. Bc2 Qd5+ 72. Qf3 Qd2+ 73. Qf2 Qd5+ 74. Kg1 Kg7 75. Qa7+ Kh6 76. Qe3+ Kg7 77. a4 Qc6 78. Qd3 Qb6+ 79. Kf1 Qf6+ 80. Ke2 Qe5+ 81. Kd1 Qa1+ 82. Kd2 Qe5 83. Qxg6+ Kf8 84. Qf5+ Qxf5 85. gxf5 1-0


[Site "https://www.chess.com"]

[Event "Titled Tuesday Blitz December 7 2021"]
[White "Garagulya, Konstantin"]
[Black "Barria Zuniga, Daniel"]
[WhiteFideId "4128931"]
[BlackFideId "3400816"]
[WhiteElo "2329"]
[BlackElo "2414"]
[Result "1-0"]
[Round "04"]
[TimeControl "180+1"]
[Date "2021.12.07"]
[WhiteClock "0:00:11"]
[BlackClock "0:00:10"]

1. d4 d5 2. Nf3 c6 3. c4 dxc4 4. a4 e6 5. Na3 Bb4+ 6. Bd2 Bxd2+ 7. Qxd2 Qd5 8. Ne5 Nf6 9. f3 O-O 10. e4 Qd6 11. Naxc4 Qe7 12. Be2 Rd8 13. Qe3 Na6 14. O-O Nb4 15. Rac1 b6 16. Rfd1 Bb7 17. a5 b5 18. Nd2 Nd7 19. Nxd7 Rxd7 20. Nb3 Na6 21. Nc5 Nxc5 22. dxc5 Rad8 23. b4 e5 24. g3 a6 25. Kf2 Bc8 26. Qc3 Kf8 27. Rxd7 Rxd7 28. Rd1 Rxd1 29. Bxd1 f6 30. Qd3 Be6 31. f4 Ke8 32. f5 Bc4 33. Qd2 Qd7 34. Qxd7+ Kxd7 35. Ke3 g6 36. fxg6 hxg6 37. h4 f5 38. exf5 gxf5 39. h5 Ke6 40. Bf3 e4 41. Bd1 Ke5 42. h6 Kf6 43. Kf4 Kg6 44. g4 fxg4 45. Bxg4 Kxh6 46. Bc8 Bd5 47. Bxa6 Kh5 48. Bb7 Kh4 49. a6 Kh3 50. a7 Kg2 51. Ke3 1-0


[Site "https://www.chess.com"]

[Event "Titled Tuesday Blitz December 7 2021"]
[White "Goltsev, Dmitry"]
[Black "Stepanencu, Nicodim-Cosmin"]
[WhiteFideId "24176710"]
[BlackFideId "1256220"]
[WhiteElo "2259"]
[BlackElo "1704"]
[Result "1-0"]
[Round "04"]
[TimeControl "180+1"]
[Date "2021.12.07"]
[WhiteClock "0:01:14"]
[BlackClock "0:00:03"]

1. e4 c5 2. Nf3 d6 3. d4 cxd4 4. Nxd4 Nf6 5. Nc3 a6 6. Be2 g6 7. O-O Bg7 8. a4 b6 9. Be3 Bb7 10. Bf3 Nbd7 11. Qd2 Ne5 12. Bh6 O-O 13. Bxg7 Kxg7 14. Qg5 Nxf3+ 15. gxf3 e6 16. Rad1 Qe7 17. Rfe1 h6 18. Qg2 Nh5 19. Nce2 Qf6 20. c3 d5 21. Rd3 Rad8 22. Red1 Nf4 23. Nxf4 Qxf4 24. Re3 dxe4 25. fxe4 e5 26. Nf5+ Qxf5 27. Rxd8 Bxe4 28. Qxe4 Qxe4 29. Rxe4 Rxd8 30. Rxe5 Rd2 31. b4 Rc2 32. a5 Rxc3 33. b5 axb5 34. axb6 Rc8 35. Rxb5 Kf6 36. Kg2 Ke6 37. Kg3 Kd6 38. Rb3 Re8 39. Kf4 Kc6 40. b7 Kc7 41. b8=Q+ Rxb8 42. Rxb8 Kxb8 43. Ke5 f5 44. Kf6 g5 45. Kxf5 Kc7 46. Kg6 Kd6 47. Kxh6 1-0


[Site "https://www.chess.com"]

[Event "Titled Tuesday Blitz December 7 2021"]
[White "Golubka, Petro"]
[Black "Andreikin, Dmitry"]
[WhiteFideId "14114224"]
[BlackFideId "4158814"]
[WhiteElo "2392"]
[BlackElo "2736"]
[Result "0-1"]
[Round "04"]
[TimeControl "180+1"]
[Date "2021.12.07"]
[WhiteClock "0:01:32"]
[BlackClock "0:00:07"]

1. e4 e5 2. Nf3 Nc6 3. Bb5 Nf6 4. O-O Nxe4 5. d4 Nd6 6. Bxc6 dxc6 7. dxe5 Nf5 8. Qxd8+ Kxd8 9. Nc3 Bd7 10. b3 h6 11. Bb2 Kc8 12. Rad1 a5 13. a4 b6 14. h3 Bb4 15. Ne2 Re8 16. Nf4 Bf8 17. g4 Ne7 18. Rfe1 Ng6 19. Nh5 c5 20. Nd2 Nh4 21. Kh2 c4 22. Kg3 cxb3 23. Kxh4 bxc2 24. Rc1 Bxa4 25. Ne4 Rd8 26. Re2 Rd3 27. e6 g5+ 28. Nxg5 hxg5+ 29. Kxg5 fxe6 30. Rxe6 Kb7 31. Nf4 Rd1 32. h4 Bg7 33. Rxc2 Rg8 34. Rg6 Bxc2 35. Rxg7 Rxg7+ 36. Bxg7 a4 37. h5 a3 38. h6 b5 39. Ne6 b4 40. f4 Bh7 41. Nf8 b3 42. Nxh7 b2 43. Nf6 b1=Q 44. h7 Rd8 45. h8=Q Rxh8 46. Bxh8 a2 47. Nh5 c5 48. f5 c4 49. Nf4 Qc1 50. Be5 c3 51. f6 a1=Q 52. f7 Qa8 53. Kf6 Qd8+ 54. Ke6 Qc2 55. g5 Qb3+ 56. Kf5 Qxf7+ 57. Ke4 c2 58. g6 Qc4+ 59. Kf5 c1=Q 0-1


[Site "https://www.chess.com"]

[Event "Titled Tuesday Blitz December 7 2021"]
[White "Goryachkina, Aleksandra"]
[Black "Navalgund, Niranjan"]
[WhiteFideId "4147103"]
[BlackFideId "5030854"]
[WhiteElo "2441"]
[BlackElo "2290"]
[Result "1-0"]
[Round "04"]
[TimeControl "180+1"]
[Date "2021.12.07"]
[WhiteClock "0:00:04"]
[BlackClock "0:00:14"]

1. e4 e5 2. Nf3 Nc6 3. d4 exd4 4. Nxd4 Bc5 5. Nb3 Bb6 6. Nc3 Nf6 7. Bg5 a5 8. a4 O-O 9. Bd3 h6 10. Bh4 Re8 11. O-O Ne5 12. Nd5 g5 13. Nxb6 cxb6 14. Bg3 d5 15. exd5 Qxd5 16. Bb5 Bd7 17. Qxd5 Nxd5 18. Rfd1 Bc6 19. Nd4 Nf4 20. Bxf4 gxf4 21. Bxc6 bxc6 22. Nf5 Re6 23. b3 Rae8 24. f3 Kh7 25. Kf1 Rf6 26. Nd4 Rg8 27. Re1 Ng6 28. Re2 Nh4 29. Rf2 Rd6 30. Ne2 Ng6 31. Nc3 Rgd8 32. Re1 Kg7 33. Ne4 Rd1 34. Rxd1 Rxd1+ 35. Ke2 Rh1 36. h3 Nh4 37. Kd3 Rg1 38. Nd6 Rxg2 39. Rxg2+ Nxg2 40. Ke4 Kf6 41. Ne8+ Kg5 42. Nd6 Nh4 43. Nxf7+ Kf6 44. Nd6 Ng6 45. Nc4 b5 46. axb5 cxb5 47. Nxa5 Kg5 48. c4 bxc4 49. bxc4 Nf8 50. c5 Nd7 51. c6 Nb6 52. Kd4 Kh4 53. Kc5 Nc8 54. c7 Kg3 55. Kc6 Kxf3 56. Nc4 Kg3 57. Nd6 Ne7+ 58. Kd7 Nd5 59. Nc4 Nf6+ 60. Ke6 Ne4 61. c8=Q f3 62. Qg8+ Ng5+ 63. Kf5 f2 64. Ne3 Kf3 65. Qb3 Ke2 66. Qc3 Nxh3 67. Qb3 Ng1 68. Ng4 Nf3 69. Qe3+ Kd1 70. Qxf2 Nd2 71. Qe3 Nc4 72. Qd3+ Nd2 73. Ne3+ Ke1 74. Qc2 Nf3 75. Ng2+ Kf1 76. Kg6 Ne5+ 77. Kxh6 Ng4+ 78. Kg5 Nf2 79. Ne3+ Kg1 80. Qc1+ Kh2 81. Ng4+ Kh3 82. Nxf2+ Kg2 83. Ne4 1-0


[Site "https://www.chess.com"]

[Event "Titled Tuesday Blitz December 7 2021"]
[White "Grunberg, Mihai-Lucian"]
[Black "Weetik, Vjacheslav"]
[WhiteFideId "1204149"]
[BlackFideId "4153472"]
[WhiteElo "2364"]
[BlackElo "2469"]
[Result "1/2-1/2"]
[Round "04"]
[TimeControl "180+1"]
[Date "2021.12.07"]
[WhiteClock "0:00:06"]
[BlackClock "0:00:06"]

1. Nf3 d5 2. c4 e6 3. g3 Nf6 4. Bg2 Be7 5. O-O O-O 6. d4 dxc4 7. Qc2 b5 8. a4 Bb7 9. axb5 a6 10. Nc3 axb5 11. Rxa8 Bxa8 12. Nxb5 c5 13. Qxc4 Bd5 14. Qd3 Nc6 15. dxc5 Bxc5 16. Nc3 Nb4 17. Qb1 Bb3 18. Bg5 Qb6 19. Bxf6 gxf6 20. Ne4 Be7 21. Qc1 Kg7 22. Qf4 Nd5 23. Qg4+ Kh8 24. Qh5 Bc2 25. Nc3 Nxc3 26. bxc3 Bg6 27. Qh6 Rc8 28. Nh4 Kg8 29. Nxg6 hxg6 30. Qd2 f5 31. Qd4 Bc5 32. Qd7 Rd8 33. Qa4 Kg7 34. Qc4 Rd2 35. Bf3 Be7 36. Kg2 Bf6 37. Qc6 Qxc6 38. Bxc6 Bxc3 39. Bf3 g5 40. h3 Kf6 41. e4 fxe4 42. Bxe4 Bd4 43. Bf3 Ke5 44. Re1+ Kd6 45. Re2 Rd3 46. Be4 Rc3 47. Bf3 f5 48. Rd2 Ke5 49. Re2+ Kf6 50. Rd2 e5 51. g4 e4 52. Bxe4 fxe4 53. Rxd4 e3 54. fxe3 Rxe3 55. Rd2 Ra3 56. Rf2+ Kg6 57. Rf3 Ra2+ 58. Kg3 Ra1 59. Rd3 Rg1+ 60. Kf2 Rb1 61. Kg3 Rg1+ 62. Kf3 Rb1 63. Rd6+ Kg7 64. Ke4 Rf1 65. Rd5 Kg6 66. Rd6+ Kg7 67. Ke5 Rf3 68. Rc6 Rf1 69. Rb6 Rf3 70. Rc6 Rf1 71. Rb6 Rf3 72. Rc6 1/2-1/2


[Site "https://www.chess.com"]

[Event "Titled Tuesday Blitz December 7 2021"]
[White "Gunduz, Umut Erdem"]
[Black "Holtel, Jasper"]
[WhiteFideId "6381383"]
[BlackFideId "12956376"]
[WhiteElo "2096"]
[BlackElo "2380"]
[Result "1-0"]
[Round "04"]
[TimeControl "180+1"]
[Date "2021.12.07"]
[WhiteClock "0:00:04"]
[BlackClock "0:00:02"]

1. e4 e5 2. Nf3 Nf6 3. Nxe5 d6 4. Nf3 Nxe4 5. Nc3 Nxc3 6. dxc3 Be7 7. Bf4 Be6 8. Bd3 Nc6 9. Qd2 Qd7 10. Ng5 Bxg5 11. Bxg5 f6 12. Be3 a6 13. f3 Ne5 14. Be2 Nc4 15. Bxc4 Bxc4 16. O-O-O O-O-O 17. Qd4 Qb5 18. Qg4+ Rd7 19. b3 Bg8 20. Kb2 f5 21. Qg5 h6 22. Qh4 Bf7 23. Qd4 Re8 24. Qa7 Rde7 25. a4 Qc6 26. Bd4 g6 27. Rd2 Re2 28. Rhd1 Kd7 29. c4 Rxd2 30. Rxd2 g5 31. a5 h5 32. Bf6 g4 33. fxg4 hxg4 34. Qd4 Qe4 35. Qf2 Qe3 36. Qxf5+ Be6 37. Qh7+ Kc6 38. Rd3 1-0


[Site "https://www.chess.com"]

[Event "Titled Tuesday Blitz December 7 2021"]
[White "Hamley, Ryan"]
[Black "Bayasgalan, Khishigbaatar"]
[WhiteFideId "30959497"]
[BlackFideId "4904311"]
[WhiteElo "2574"]
[BlackElo "1624"]
[Result "0-1"]
[Round "04"]
[TimeControl "180+1"]
[Date "2021.12.07"]
[WhiteClock "0:00:05"]
[BlackClock "0:00:06"]

1. e4 e6 2. g3 d5 3. exd5 exd5 4. Bg2 c6 5. Nf3 Bd6 6. O-O Nf6 7. c4 O-O 8. cxd5 cxd5 9. b3 Bg4 10. Bb2 Nc6 11. h3 Bh5 12. Nc3 a6 13. g4 Bg6 14. d4 Bc7 15. Re1 Qd6 16. Ne5 Rfe8 17. Na4 Be4 18. Rc1 Rxe5 19. dxe5 Nxe5 20. Bxe4 Nxe4 21. Bxe5 Qxe5 22. Rxc7 Qxc7 23. Qxd5 Nf6 24. Qf3 h6 25. Re3 Rd8 26. Rc3 Qe5 27. Nb6 Qe1+ 28. Kg2 Nh7 29. Re3 Qb1 30. Nc4 Ng5 31. Qf5 Qxf5 32. gxf5 b5 33. Ne5 Nh7 34. a4 Nf6 35. axb5 axb5 36. Rc3 b4 37. Rc4 Nd5 38. Nc6 Rc8 39. Rc5 Kf8 40. Rxd5 Rxc6 41. Rb5 Rf6 42. Kg3 Rd6 43. Rxb4 Ke7 44. Kf4 Kf6 45. Rb5 Rd4+ 46. Ke3 Rh4 47. f4 Rxh3+ 48. Ke4 Rh1 49. Rb6+ Ke7 50. f6+ gxf6 51. Kf5 Rh5+ 52. Kg4 Rc5 53. f5 Kf8 54. Rxf6 Kg7 55. Rb6 Rc3 56. Kf4 Rc1 57. b4 Rg1 58. b5 h5 59. Rb8 h4 60. b6 h3 61. f6+ Kh7 62. b7 Rb1 63. Rc8 Rxb7 64. Rc3 Kg6 65. Rxh3 Kxf6 66. Rh6+ Ke7 67. Ra6 Rb4+ 68. Ke5 Rb5+ 69. Ke4 Kf8 70. Kf4 Kg7 71. Rc6 f6 72. Kg4 Kg6 73. Kf4 Rb4+ 74. Kf3 Kg5 75. Rc5+ f5 76. Ra5 Rb3+ 77. Kg2 Kg4 78. Kf2 f4 79. Ra4 Rb2+ 80. Kf1 Kg3 81. Ra8 Rb1+ 82. Ke2 f3+ 83. Ke3 Re1+ 84. Kd2 f2 85. Rg8+ Kh4 86. Rf8 f1=Q 0-1


[Site "https://www.chess.com"]

[Event "Titled Tuesday Blitz December 7 2021"]
[White "Dronavalli, Harika"]
[Black "Przybylski, Wojciech"]
[WhiteFideId "5015197"]
[BlackFideId "1117599"]
[WhiteElo "2382"]
[BlackElo "2247"]
[Result "1-0"]
[Round "04"]
[TimeControl "180+1"]
[Date "2021.12.07"]
[WhiteClock "0:01:13"]
[BlackClock "0:00:01"]

1. d4 d5 2. Bf4 Nf6 3. Nf3 c6 4. e3 Bg4 5. Nbd2 Nbd7 6. h3 Bh5 7. Be2 e6 8. O-O Be7 9. c4 O-O 10. Rc1 a5 11. Bd3 Bg6 12. Bxg6 hxg6 13. Qe2 a4 14. Rfd1 Qb6 15. Rc2 dxc4 16. Nxc4 Qa6 17. Bd6 Rfe8 18. Bxe7 Rxe7 19. e4 Nb6 20. Nfe5 Nxc4 21. Nxc4 Rd8 22. Kf1 Red7 23. Rcd2 c5 24. dxc5 Rxd2 25. Rxd2 Rxd2 26. Nxd2 Qc6 27. Qc4 Nd7 28. b4 axb3 29. Nxb3 b6 30. Kg1 Nxc5 31. Nxc5 bxc5 32. a4 Qb6 33. Qb5 1-0


[Site "https://www.chess.com"]

[Event "Titled Tuesday Blitz December 7 2021"]
[White "Harshavardhan G B"]
[Black "Manafov, Vugar"]
[WhiteFideId "25059009"]
[BlackFideId "13410814"]
[WhiteElo "1825"]
[BlackElo "2277"]
[Result "0-1"]
[Round "04"]
[TimeControl "180+1"]
[Date "2021.12.07"]
[WhiteClock "0:00:01"]
[BlackClock "0:00:12"]

1. c4 Nf6 2. Nc3 e6 3. e4 d5 4. cxd5 exd5 5. e5 d4 6. exf6 dxc3 7. Bb5+ c6 8. Qe2+ Be6 9. Bc4 Qxf6 10. dxc3 Be7 11. Bxe6 Qxe6 12. Qxe6 fxe6 13. Nf3 Bf6 14. Bf4 Nd7 15. O-O-O Nb6 16. Rhe1 Kf7 17. Ng5+ Bxg5 18. Bxg5 h6 19. Be3 Nd5 20. Bd4 Rhd8 21. c4 Nf6 22. f3 Ne8 23. Be5 Ke7 24. Kc2 Rxd1 25. Rxd1 Rd8 26. Re1 Nd6 27. b3 Nf5 28. Kc3 g5 29. g3 h5 30. a3 g4 31. Bf4 Rg8 32. Rf1 h4 33. gxh4 Nxh4 34. fxg4 Rxg4 35. Bb8 a6 36. Kb4 Rg5 37. Bf4 Rf5 38. Rf2 a5+ 39. Kc3 Ng6 40. Bg3 Rh5 41. b4 axb4+ 42. axb4 e5 43. Ra2 Ke6 44. Ra7 Rh7 45. Kd3 Rd7+ 46. Ke3 Ne7 47. Ke2 Nf5 48. Bf2 e4 49. b5 cxb5 50. cxb5 Ke5 51. h4 Kf4 52. b6 Re7 53. Ra4 Rg7 54. Kf1 Kf3 55. Ra5 Rf7 56. h5 e3 57. Be1 Nd4 58. Kg1 Ne2+ 59. Kh2 Rg7 60. Bh4 Rg2+ 61. Kh1 Rg4 62. Be7 Ng3+ 63. Kh2 Nf1+ 64. Kh3 Rg3+ 65. Kh4 e2 66. Re5 Ne3 0-1


[Site "https://www.chess.com"]

[Event "Titled Tuesday Blitz December 7 2021"]
[White "Hjartarson, Johann"]
[Black "Ozdemir, Serhan Berat"]
[WhiteFideId "2300044"]
[BlackFideId "6374611"]
[WhiteElo "2502"]
[BlackElo "1920"]
[Result "1/2-1/2"]
[Round "04"]
[TimeControl "180+1"]
[Date "2021.12.07"]
[WhiteClock "0:00:12"]
[BlackClock "0:00:18"]

1. Nf3 Nf6 2. b3 g6 3. Bb2 Bg7 4. c4 O-O 5. e3 d6 6. Be2 e5 7. O-O Re8 8. d3 Nc6 9. Nbd2 Bf5 10. a3 Qe7 11. b4 e4 12. dxe4 Nxe4 13. Qc1 Ne5 14. Nd4 Qh4 15. Nxf5 gxf5 16. g3 Qh3 17. Qc2 Re6 18. Bxe5 Bxe5 19. Nf3 Rh6 20. Rfd1 Ng5 21. Rac1 Nxf3+ 22. Bxf3 Qxh2+ 23. Kf1 Re8 24. Qxf5 Rf6 25. Qg4+ Kh8 26. Ke2 Rg8 27. Rh1 Qxf2+ 28. Kxf2 Rxg4 29. Rh3 Kg7 30. Ke2 Rxg3 31. Rxg3+ Bxg3 32. Rg1 Rg6 33. Bxb7 Be5 34. Rg2 Bb2 35. a4 Ba3 36. b5 Bc5 37. Be4 Rxg2+ 38. Bxg2 Kf6 39. Bd5 h5 40. Kf3 Kg6 41. a5 f6 42. e4 Bb4 43. a6 Bc5 44. Be6 Kg5 45. Bf5 h4 46. Be6 Bd4 47. Bf5 Bc5 48. Be6 Kh6 49. Bf5 Kg5 1/2-1/2


[Site "https://www.chess.com"]

[Event "Titled Tuesday Blitz December 7 2021"]
[White "Holt, Conrad"]
[Black "Punin, Andrii"]
[WhiteFideId "2034387"]
[BlackFideId "14112639"]
[WhiteElo "2586"]
[BlackElo "2357"]
[Result "1-0"]
[Round "04"]
[TimeControl "180+1"]
[Date "2021.12.07"]
[WhiteClock "0:01:03"]
[BlackClock "0:00:11"]

1. d4 Nf6 2. c4 e6 3. Nc3 d5 4. cxd5 exd5 5. Bg5 c6 6. e3 Bf5 7. Qf3 Bg6 8. Bxf6 Qxf6 9. Qxf6 gxf6 10. Kd2 Nd7 11. Bd3 f5 12. Nge2 Bd6 13. Nf4 Bxf4 14. exf4 Ke7 15. Rae1+ Kd6 16. Ne2 Nf6 17. f3 Nh5 18. g4 fxg4 19. f5 gxf3 20. Ng3 Nf4 21. fxg6 fxg6 22. Re3 Ne6 23. Kc3 Raf8 24. Rf1 Ng5 25. h4 Ne6 26. Rexf3 Rxf3 27. Rxf3 Rf8 28. Rxf8 Nxf8 29. Kd2 Ke6 30. Ke3 Kf6 31. Ne2 h6 32. Nf4 a5 33. Kf3 g5 34. Nh5+ Ke7 35. hxg5 hxg5 36. Bf5 b6 37. Kg4 c5 38. Kxg5 cxd4 39. Nf4 Kd6 40. Nd3 Ke7 41. Kg4 Kf6 42. Kf4 a4 43. Kg4 Ne6 44. Bxe6 Kxe6 45. Kg5 Kd6 46. Kf6 Kc6 47. Ke5 a3 48. b3 1-0


[Site "https://www.chess.com"]

[Event "Titled Tuesday Blitz December 7 2021"]
[White "Ibrahimli, Murad"]
[Black "Klabis, Rokas"]
[WhiteFideId "13410229"]
[BlackFideId "12805246"]
[WhiteElo "2109"]
[BlackElo "2255"]
[Result "1-0"]
[Round "04"]
[TimeControl "180+1"]
[Date "2021.12.07"]
[WhiteClock "0:00:03"]
[BlackClock "0:00:02"]

1. Nf3 Nf6 2. c4 e6 3. Nc3 d5 4. d4 Be7 5. Bf4 c6 6. e3 O-O 7. h3 Nbd7 8. cxd5 exd5 9. Bd3 Re8 10. Qc2 Nf8 11. O-O Bd6 12. Bxd6 Qxd6 13. Rab1 a5 14. a3 Ng6 15. b4 axb4 16. axb4 Bd7 17. b5 c5 18. dxc5 Qxc5 19. Ne2 Qxc2 20. Bxc2 Ra2 21. Ned4 Ne4 22. Bb3 Ra5 23. Ra1 Rxa1 24. Rxa1 Nc3 25. b6 h6 26. Ra7 Rb8 27. Kf1 Ne7 28. Ne5 Bb5+ 29. Nxb5 Nxb5 30. Ra5 Nc3 31. Ke1 f6 32. Nd3 Rc8 33. f3 Rc6 34. Kd2 Nb1+ 35. Ke2 Nc3+ 36. Kf2 Rxb6 37. Nc5 Rb5 38. Ra8+ Kf7 39. Rc8 b6 40. Nd7 Rxb3 41. Rf8+ Ke6 42. Nb8 Nb5 43. g4 Nd6 44. Rd8 b5 45. Nd7 Rc3 46. Nf8+ Kf7 47. Nd7 Nc4 48. Nc5 Nxe3 49. Nb7 b4 50. Nd6+ Ke6 51. Nb5 Nd1+ 52. Kg3 1-0


[Site "https://www.chess.com"]